 Dungeon Crawl Stone Soup version 0.28-a0-10-g964c8b829e (webtiles) character file.

Game seed: 2294037265283513635

65 pkoi the Poker (level 3, -4/31 HPs)
             Began as a Minotaur Gladiator on July 26, 2021.
             Killed by divine providence
             ... invoked by an orc priest
              (14 damage)
             ... on level 3 of the Dungeon.
             The game lasted 00:01:20 (1626 turns).

pkoi the Poker (Minotaur Gladiator)                 Turns: 1626, Time: 00:01:21

Health: -4/31      AC:  4    Str: 19    XL:     3   Next: 94%
Magic:  2/2        EV: 12    Int:  5    God:
Gold:   61         SH:  0    Dex: 11    Spells: 2/2 levels left

rFire   . . .      SeeInvis .   h - +0 spear (venom)
rCold   . . .      Faith    .   (no shield)
rNeg    . . .      Spirit   .   b - +0 leather armour
rPois   .          Reflect  .   c - +0 hat
rElec   .          Harm     .   o - +0 cloak
rCorr   .          Rampage  .   (no gloves)
Will    .....                   (no boots)
Stlth   +.........              (no amulet)
HPRegen 0.10/turn               (no ring)
MPRegen 0.08/turn               (no ring)

@: no status effects
A: horns 2, retaliatory headbutt
a: no special abilities


You were on level 3 of the Dungeon.
You visited 1 branch of the dungeon, and saw 3 of its levels.

You collected 61 gold pieces.

Inventory:

Hand Weapons
 a - a +0 trident
 h - a +0 spear of venom (weapon)
Missiles
 d - 3 throwing nets (quivered)
Armour
 b - a +0 leather armour (worn)
 c - a +0 hat (worn)
 o - a +0 cloak (worn)
Jewellery
 j - a +6 ring of dexterity
Scrolls
 e - 2 scrolls of identify {unknown}
 g - a scroll of amnesia {unknown}
 i - a scroll of blinking {unknown}
 k - a scroll of summoning {unknown}
Potions
 f - a potion of cancellation {unknown}
 l - a potion of degeneration {unknown}
 m - a potion of ambrosia {unknown}
 n - a potion of flight {unknown}


   Skills:
 + Level 3.3 Fighting
 * Level 4.9 Polearms
 - Level 2.0 Throwing
 + Level 1.9 Armour
 - Level 3.2 Dodging


You had 2 spell levels left.
You didn't know any spells.
Your spell library contained the following spells:

 Spells                   Type           Power      Damage    Failure   Level
 Slow                     Hex            0%         N/A       67%         2
 Confusing Touch          Hex            0%         N/A       88%         3
 Vampiric Draining        Necr           0%         2d6       88%         3


Dungeon Overview and Level Annotations

Branches:
Dungeon (3/15)

Altars:


Innate Abilities, Weirdness & Mutations

You have a pair of horns on your head.
You reflexively headbutt those who attack you in melee.


Message History

The hound skeleton bites you but does no damage.
The orc wizard barely misses you. The orc hits you with a +0 falchion.
The orc hits you with a +0 flail!
The hound skeleton bites you but does no damage.
You are too injured to fight recklessly!
You are too injured to fight recklessly!
You are too injured to fight recklessly!
You are too injured to fight recklessly!
You are too injured to fight recklessly!
You are too injured to fight recklessly!
You are too injured to fight recklessly!
You are too injured to fight recklessly!
You are too injured to fight recklessly!
You are too injured to fight recklessly!
You are too injured to fight recklessly!
You are too injured to fight recklessly!
You are too injured to fight recklessly!
You are too injured to fight recklessly!
You are too injured to fight recklessly!
You are too injured to fight recklessly!
You are too injured to fight recklessly!
You are too injured to fight recklessly!
You are too injured to fight recklessly!
You are too injured to fight recklessly!
You are too injured to fight recklessly!
You are too injured to fight recklessly!
You are too injured to fight recklessly!
You are too injured to fight recklessly!
You are too injured to fight recklessly!
You are too injured to fight recklessly!
You are too injured to fight recklessly!
The orc throws a boomerang.
The boomerang barely misses you. The orc hits you with a +0 flail.
* * * LOW HITPOINT WARNING * * *
A ball python comes into view.
The ball python hisses angrily.
You see here a bat corpse.
The orc priest mumbles some strange prayers to Beogh against you.
Beogh smites you!
You die...

#..........# #....>.....#
#..........# #####
#..........#
#...#####..........#
#.............#...##
#######.............##.)###
##....##...........#..##)..#
# #.
..........@........#.####..
#... #..#....########.#.##
##. .#.#. ##....#.o...##
#.#..# #.
.....##.#..###..#...##
#.##.# #. .....#.##..#
#o###...# #.##.## ##
#..{.So####S# #.#.# #.##..#
##..##...#..# #...# #.###.#
.####o#####...## ##..###.#
#.#### .....o..###...###
##..##<# #.##(.


You could see an orc priest, an orc and a ball python.

Vanquished Creatures
  2 adders (D:2)
  A dart slug (D:2)
  6 orcs (D:3)
  2 ball pythons (D:2)
  4 endoplasms
  3 goblins (D:2)
  4 hobgoblins (D:1)
  3 jackals (D:1)
  2 bats
  2 frilled lizards
  3 kobolds
  6 rats (D:1)
38 creatures vanquished.

Notes
Turn   | Place    | Note
-------+----------+-------------------------------------------
     0 | D:1      | pkoi the Minotaur Gladiator began the quest for the Orb.
     0 | D:1      | Reached XP level 1. HP: 18/18 MP: 0/0
   293 | D:1      | Reached skill level 4 in Polearms
   295 | D:1      | Reached XP level 2. HP: 21/25 MP: 1/1
   446 | D:1      | Reached skill level 1 in Armour
   531 | D:1      | Found a faded altar of an unknown god.
  1030 | D:2      | Reached XP level 3. HP: 30/31 MP: 2/2
  1626 | D:3      | Killed from afar by an orc priest

Illustrated notes

Levels and vault maps discovered:
D:1:      grunt_arrival_lava_bath, layout_basic,
          shapermc_ecumenical_altar_acropolis
D:2:      layout_rooms
D:3:      cheibrodos_pilgrimage, layout_rooms, minmay_misc_feat_tiny

Skill      XL: |  1  2 |
---------------+-------+-----
Polearms       | 4 |  4.9
Armour         | 1 |  1.9
Fighting       | 3 |  3.3
Throwing       | |  2.0
Dodging        | |  3.2

Action                   || total
-------------------------++-------
Melee: Trident           ||    47
       Spear             ||    43
       Headbutt          ||     9
Armor: Leather armour    ||    14
Dodge: Dodged            ||    53

Table legend: (Time is in decaauts)
 A = Elapsed time spent in this place.
 B = Non-inter-level travel time spent in this place.
 C = Inter-level travel time spent in this place.
 D = Time resting spent in this place.
 E = Time spent auto-exploring this place.
 F = Levels seen in this place.
 G = Mean time per level.
                   A        B        C        D        E       F      G
               +--------+--------+--------+--------+--------+-----+--------+
         Total |   1623 |   1553 |     70 |     32 |   1315 |   3 |  541.0 |
       Dungeon |   1623 |   1553 |     70 |     32 |   1315 |   3 |  541.0 |
               +--------+--------+--------+--------+--------+-----+--------+

Top non-repeatable levels by time:
     D:1: 749 daAuts
     D:2: 660 daAuts
     D:3: 214 daAuts
